 Dungeon Sprint DCSS version 0.23.0-28-g6fe0f4dc8b (webtiles) character file.

Game seed: 4122286220476792900

1918 Masnef the Protected (level 9, -3/65 HPs)
             Began as a Gargoyle Fighter on Feb 25, 2019.
             Was a Follower of Wu Jian.
             Killed from afar by an oklob plant (7 damage)
             ... with a splash of acid
             ... in the Dungeon (Sprint I: "Red Sonja").
             The game lasted 00:03:12 (1077 turns).

Masnef the Protected (Gargoyle Fighter)             Turns: 1077, Time: 00:03:13

Health: -3/65      AC: 11    Str: 23    XL:     9   Next: 16%
Magic:  9/9        EV:  9    Int:  9    God:    Wu Jian [*.....]
Gold:   244        SH:  9    Dex:  9    Spells: 8/8 levels left

rFire    . . .     SeeInvis .   a - +0 flail
rCold    . . .     Gourm    .   c - +0 shield
rNeg     + . .     Faith    .   b - +0 scale mail
rPois    ∞         Spirit   .   (no helmet)
rElec    +         Reflect  .   (no cloak)
rCorr    .         Harm     .   (no gloves)
MR       .....     NoTele   +   (no boots)
Stlth    ..........             (no amulet)
HPRegen  0.20/turn              (no ring)
MPRegen  0.11/turn              (no ring)

@: corroded
A: negative energy resistance 1, electricity resistance, unbreathing,
petrification resistance, rot immunity, AC +6
a: Renounce Religion


You were in the Dungeon.
You worshipped Wu Jian.
Wu Jian was aware of your devotion.
You were hungry.

You visited 1 branch You collected 244 gold pieces.

Inventory:

Hand Weapons
 a - a +0 flail (weapon)
Armour
 b - a +0 scale mail (worn)
 c - a +0 shield (worn)
Scrolls
 k - a scroll of blinking
 m - a scroll of immolation {unknown}
 n - a scroll of identify {unknown}
Potions
 d - a potion of might
 e - a potion of curing
 g - a potion of heal wounds
 h - a potion of haste
 i - 2 potions of magic
 l - a potion of flight {unknown}
Comestibles
 f - a ration


   Skills:
 + Level 12.0 Fighting
 + Level 11.6 Maces & Flails
 + Level 12.6 Armour
 + Level 4.0 Dodging
 - Level 3.2 Shields


You had 8 spell levels left.
You didn't know any spells.
Your spell library was empty.

Dungeon Overview and Level Annotations

Branches:
Dungeon (1/1)

Altars:
Cheibriados
Dithmenos
Elyvilon
Fedhas
Gozag
Hepliaklqana
Kikubaaqudgha
Nemelex Xobeh
Okawaru
Qazlal
Ru
Sif Muna
Trog
Uskayaw
Vehumet
Wu Jian
Yredelemnul
Zin
The Shining One

Shops:
D [

Annotations:
D exclusion: oklob plant


Innate Abilities, Weirdness & Mutations

You are resistant to torment.
Your stone body is resilient. (AC +6)
You are immune to poison.
You resist negative energy. (rN+)
You are resistant to electric shocks. (rElec)
You can survive without breathing.
You are immune to petrification.
You are immune to rotting.


Message History

The oklob plant is moderately damaged.
You hit the oklob plant but do no damage.
The oklob plant is moderately damaged.
You hit the oklob plant.
The oklob plant is moderately damaged.
You hit the oklob plant but do no damage.
The oklob plant is moderately damaged.
The oklob plant spits acid at you.
The splash of acid hits you but does no damage.
You are splashed with acid!
* * * LOW HITPOINT WARNING * * *
You hit the oklob plant but do no damage.
The oklob plant is moderately damaged.
The oklob plant spits acid at you. The splash of acid misses you.
You hit the oklob plant.
The oklob plant is heavily damaged.
The oklob plant spits acid at you. The splash of acid hits you!
You die...

#########
).#..'..#
..').#..+
#'#####'# #### ..#
#.####§§#### ###
##.#§≈§§§#$.#
__##+#_.'≈§§§§§§.#
...'÷.._#§§§.§#$.#
__##_.#+##+#####@#
__###+# #P+ ###
###


You could see an oklob plant.

Vanquished Creatures
  2 centaur warriors (D)
  A hornet (D)
  Sigmund (D)
  A yak (D)
  An ogre (D)
  A jelly (D)
  Ijyb (D)
8 creatures vanquished.

Notes
Turn   | Place    | Note
-------+----------+-------------------------------------------
     0 | D        | Masnef the Gargoyle Fighter began the quest for the Orb.
     0 | D        | Reached XP level 1. HP: 14/14 MP: 1/1
     3 | D        | Noticed Ijyb
    20 | D        | Killed Ijyb
    20 | D        | Reached skill level 5 in Fighting
    20 | D        | Reached skill level 5 in Armour
    20 | D        | Reached XP level 2. HP: 21/21 MP: 2/2
    20 | D        | Reached XP level 3. HP: 26/26 MP: 3/3
    26 | D        | Noticed an ogre
    32 | D        | Killed an ogre
    32 | D        | Reached XP level 4. HP: 22/34 MP: 4/4
   138 | D        | Noticed Sigmund
   159 | D        | Killed Sigmund
   159 | D        | Reached skill level 1 in Dodging
   159 | D        | Reached XP level 5. HP: 25/40 MP: 5/5
   159 | D        | Reached XP level 6. HP: 29/45 MP: 6/6
   285 | D        | Found a deep blue altar of Sif Muna.
   286 | D        | Found an ornate altar of the Wu Jian Council.
   287 | D        | Found a radiant altar of Vehumet.
   303 | D        | Found Xaakucza's Armour Emporium.
   303 | D        | Found an ancient bone altar of Kikubaaqudgha.
   303 | D        | Found a stormy altar of Qazlal.
   303 | D        | Found a blossoming altar of Fedhas.
   303 | D        | Found a bloodstained altar of Trog.
   303 | D        | Found an iron altar of Okawaru.
   303 | D        | Found a glowing golden altar of the Shining One.
   303 | D        | Found a glowing silver altar of Zin.
   303 | D        | Found a white marble altar of Elyvilon.
   303 | D        | Noticed a yak
   312 | D        | Killed a yak
   312 | D        | Reached XP level 7. HP: 10/52 MP: 7/7
   313 | D        | Found a hazy altar of Hepliaklqana.
   313 | D        | Found a hide-covered altar of Uskayaw.
   313 | D        | Found a basalt altar of Yredelemnul.
   313 | D        | Found an opulent altar of Gozag.
   313 | D        | Found a snail-covered altar of Cheibriados.
   313 | D        | Found a sacrificial altar of Ru.
   313 | D        | Found a shadowy altar of Dithmenos.
   314 | D        | Found a sparkling altar of Nemelex Xobeh.
   570 | D        | Became a worshipper of the Wu Jian Council
   573 | D        | Noticed a centaur warrior
   573 | D        | Noticed a centaur warrior
   586 | D        | Killed a centaur warrior
   586 | D        | Reached skill level 10 in Maces & Flails
   586 | D        | Reached XP level 8. HP: 14/60 MP: 8/8
   591 | D        | Killed a centaur warrior
   591 | D        | Reached XP level 9. HP: 12/65 MP: 9/9
   864 | D        | Noticed a hornet
   880 | D        | Killed a hornet
   880 | D        | Reached * piety under Wu Jian
  1064 | D        | Noticed an oklob plant
  1077 | D        | Killed from afar by an oklob plant

Skill      XL: |  1  2  3  4  5  6  7  8  9 |
---------------+----------------------------+-----
Fighting       | 5 7 8 9 11 12 | 12.0
Maces & Flails | 3 4 6 7 10 11 | 11.6
Armour         | 5 7 8 9 11 12 | 12.6
Dodging        | 1 2 3 4 |  4.0
Shields        | |  3.2

Action                   |  1- 3 |  4- 6 |  7- 9 || total
-------------------------+-------+-------+-------++-------
Melee: Flail             |    21 |    34 |    42 ||    97
Invok: Lunge             |       |       |     2 ||     2
  Use: Potion            |       |       |     1 ||     1
Armor: Scale mail        |     8 |     7 |    13 ||    28
Dodge: Dodged            |     5 |     6 |    11 ||    22
Block: Shield            |     6 |     9 |     9 ||    24
